Map: Oblivion Express

Players

Chacal

  • Race: Protoss Protoss
  • Spawn Location: 12:00

Ratl

  • Race: Protoss Protoss
  • League: Silver
  • Spawn Location: 0:00

VOD

Have the link to the VOD?

Description

Time

  • Played on: Jan. 12, 2020, 6:21 p.m.
  • Length: 25:17
Show
View Real Time Build Order
Export as new Build Order

Chacal Protoss 

Build Orders:  

Get SALT Encoding   

  12  0:02  Probe (Chrono Boost)  
  13  0:14  Probe (Chrono Boost)  
  14  0:26  Probe (Chrono Boost)  
  15  0:41  Assimilator  
  15  0:59  Pylon  
  15  1:19  Assimilator  
  15  1:22  Probe (Chrono Boost)  
  16  1:31  Gateway  
  16  1:34  Probe (Chrono Boost)  
  17  1:40  Forge  
  17  1:46  Probe (Chrono Boost)  
  18  1:58  Probe (Chrono Boost)  
  19  2:10  Probe (Chrono Boost)  
  20  2:22  Probe (Chrono Boost)  
  20  2:27  Gateway  
  21  2:38  Sentinel  
  23  3:18  Cybernetics Core  
  23  3:55  Pylon  
  23  3:58  Pylon  
  23  4:02  Pylon  
  23  4:04  Pylon  
  23  4:07  Pylon  
  23  4:17  Probe (Chrono Boost)  
  23  4:29  Probe (Chrono Boost)  
  25  4:41  Probe (Chrono Boost)  
  25  4:44  Warp Gate  
  26  4:53  Probe (Chrono Boost)  
  27  5:06  Probe (Chrono Boost)  
  28  5:18  Probe (Chrono Boost)  
  28  5:29  Pylon  
  29  5:30  Probe (Chrono Boost), Pylon  
  29  5:38  Pylon  
  30  5:42  Probe (Chrono Boost)  
  31  5:54  Probe (Chrono Boost)  
  32  6:16  Sentinel  
  34  6:51  Energizer  
  36  7:20  Gateway  
  36  7:32  Energizer, Protoss Air Weapons Level 1  
  38  7:48  Energizer  
  40  8:02  Energizer  
  42  8:33  Sentinel  
  46  9:05  Energizer  
  48  9:30  Energizer  
  50  9:41  Energizer  
  52  10:24  Energizer  
  52  10:28  Energizer  
  56  10:40  Sentinel  
  58  10:59  Energizer  
  60  11:15  Sentinel  
  60  11:31  Sentinel  
  62  11:48  Sentinel  
  58  11:55  Sentinel  
  62  12:04  Sentinel  
  64  12:21  Sentinel  
  66  12:37  Sentinel  
  68  12:54  Sentinel  
  70  13:10  Sentinel  
  72  13:27  Sentinel  
  72  13:34  Sentinel  
  76  13:43  Energizer  
  78  14:00  Sentinel  
  78  14:07  Sentinel  
  80  14:15  Energizer, Nexus  
  84  14:33  Sentinel  
  86  15:18  Sentinel  
  86  15:19  Energizer  
  86  15:20  Sentinel  
  74  15:51  Sentinel x2  
  74  15:53  Energizer  
  80  16:24  Sentinel x2  
  80  16:25  Energizer  
  86  16:57  Energizer, Sentinel  
  90  17:22  Energizer  
  90  17:29  Energizer  
  92  17:30  Sentinel  
  96  17:54  Energizer  
  96  17:59  Pylon  
  98  18:01  Energizer  
  98  18:03  Sentinel  
  98  18:04  Pylon  
  98  18:06  Pylon  
  102  18:10  Pylon  
  102  18:13  Pylon  
  102  18:33  Energizer  
  102  18:36  Sentinel  
  106  19:09  Sentinel  
  106  19:29  Protoss Air Weapons Level 2  
  106  19:42  Protoss Ground Weapons Level 1, Sentinel  
  38  21:51  Sentinel  
  34  22:00  Energizer  
  34  22:10  Sentinel  
  35  22:24  Sentinel  
  35  22:32  Energizer  
  35  22:43  Sentinel  
  36  22:57  Sentinel  
  34  23:04  Energizer  
  34  23:16  Sentinel  
  36  23:36  Energizer  
  22  24:15  Photon Cannon  
  22  24:16  Photon Cannon  
  17  24:23  Photon Cannon  
Show
View Real Time Build Order
Export as new Build Order

Ratl Protoss 

Build Orders:  

Get SALT Encoding   

  12  0:00  Probe (Chrono Boost)  
  13  0:13  Probe (Chrono Boost)  
  14  0:33  Probe (Chrono Boost)  
  14  0:36  Pylon  
  15  0:53  Assimilator  
  15  0:58  Probe (Chrono Boost)  
  15  1:06  Pylon  
  16  1:10  Probe (Chrono Boost)  
  17  1:23  Probe (Chrono Boost)  
  17  1:24  Assimilator  
  18  1:35  Probe (Chrono Boost)  
  18  1:39  Gateway  
  19  1:47  Probe (Chrono Boost)  
  20  1:59  Probe (Chrono Boost)  
  21  2:11  Probe (Chrono Boost), Gateway  
  22  2:23  Probe (Chrono Boost)  
  23  2:35  Probe (Chrono Boost)  
  24  2:47  Probe (Chrono Boost)  
  25  2:50  Cybernetics Core  
  25  2:59  Probe (Chrono Boost)  
  25  3:03  Zealot  
  28  3:11  Probe (Chrono Boost)  
  29  3:23  Probe (Chrono Boost)  
  30  3:35  Probe (Chrono Boost)  
  31  3:49  Pylon  
  31  3:58  Pylon  
  31  4:00  Pylon  
  31  4:02  Pylon  
  31  4:12  Probe (Chrono Boost)  
  31  4:18  Dragoon x2  
  31  4:19  Dragoon  
  38  4:54  Probe (Chrono Boost)  
  39  5:06  Probe (Chrono Boost)  
  39  5:09  Dragoon  
  42  5:10  Dragoon  
  42  5:11  Forge  
  42  5:18  Probe (Chrono Boost)  
  44  5:21  Forge  
  45  6:09  Dragoon  
  45  6:10  Dragoon, Nexus  
  47  6:27  Dragoon x2  
  51  6:41  Assimilator  
  51  6:49  Dragoon x2  
  55  7:14  Probe (Chrono Boost)  
  56  7:26  Probe (Chrono Boost)  
  57  7:35  Dragoon x2  
  57  7:38  Probe (Chrono Boost)  
  62  7:50  Probe (Chrono Boost)  
  62  7:55  Assimilator  
  63  8:02  Probe (Chrono Boost)  
  64  8:14  Probe (Chrono Boost)  
  65  8:26  Probe (Chrono Boost)  
  66  8:37  Probe (Chrono Boost)  
  66  8:38  Probe (Chrono Boost)  
  67  8:47  Dragoon  
  67  8:48  Dragoon x4  
  78  9:20  Pylon  
  78  9:24  Pylon  
  78  9:25  Pylon  
  78  9:34  Pylon  
  78  9:43  Probe (Chrono Boost)  
  78  9:44  Protoss Ground Weapons Level 1, Protoss Ground Armor Level 1  
  78  9:45  Probe (Chrono Boost)  
  80  9:55  Probe (Chrono Boost)  
  79  10:07  Probe (Chrono Boost)  
  80  10:15  Probe (Chrono Boost)  
  80  10:19  Probe (Chrono Boost)  
  81  10:25  Dragoon  
  81  10:26  Dragoon x5  
  94  10:30  Probe (Chrono Boost)  
  94  10:34  Probe (Chrono Boost)  
  94  10:48  Probe (Chrono Boost)  
  95  11:05  Pylon  
  95  11:11  Pylon  
  95  11:15  Pylon  
  95  11:16  Dragoon x2  
  99  11:37  Gateway  
  99  11:38  Gateway  
  99  11:42  Gateway  
  99  11:47  Zealot  
  99  11:48  Zealot  
  101  11:55  Zealot x2  
  103  12:44  Dragoon  
  103  12:45  Dragoon x5  
  115  13:21  Dragoon x4  
  115  13:22  Dragoon  
  115  13:23  Dragoon  
  127  13:36  Gateway  
  127  13:40  Gateway  
  127  13:43  Gateway  
  127  13:47  Gateway  
  127  13:49  Robotics Facility  
  117  13:52  Robotics Facility  
  117  14:03  Twilight Council  
  117  14:15  Zealot x2  
  117  14:16  Zealot x6  
  133  14:34  Pylon x2  
  129  14:44  Pylon  
  129  14:47  Pylon  
  129  14:48  Pylon  
  119  14:51  Pylon, Dragoon  
  119  14:55  Pylon  
  119  14:59  Pylon  
  111  15:17  Zealot  
  111  15:18  Zealot x4  
  113  15:47  Protoss Ground Weapons Level 2  
  109  15:55  Protoss Ground Armor Level 2  
  105  16:01  Dragoon x3  
  105  16:02  Dragoon x5  
  121  16:20  Singularity Charge  
  121  16:28  Pylon  
  121  16:37  Pylon  
  121  16:38  Pylon  
  121  16:39  Pylon  
  107  17:07  Charge  
  107  17:13  Dragoon x3  
  107  17:14  Dragoon x2  
  117  17:47  Dragoon x3  
  117  17:48  Dragoon x3  
  129  18:16  Dragoon x4  
  129  18:17  Zealot  
  129  18:18  Zealot  
  135  18:24  Protoss Ground Armor Level 3  
  135  18:27  Protoss Shields Level 1  
  135  18:46  Immortal x2  
  143  19:15  Dragoon x2  
  143  19:16  Dragoon x3  
  153  19:50  Immortal  
  153  19:51  Immortal  
  161  20:22  Dragoon x4  
  161  20:23  Dragoon  
  171  20:39  Protoss Ground Weapons Level 3  
  171  20:56  Dragoon  
  171  20:57  Dragoon x3  
  169  21:01  Zealot  
  169  21:02  Zealot x2  
  169  21:40  Dragoon x2  
  169  21:41  Dragoon x4  
  169  21:42  Dragoon  
  181  22:14  Dragoon  
  181  22:15  Dragoon x3  
  188  23:55  Pylon x2  
  188  23:57  Pylon  
  188  23:58  Pylon  
  174  24:00  Pylon  
  174  24:01  Pylon  
  174  24:03  Pylon  
  174  24:04  Pylon x2  
  174  24:05  Pylon  
  174  24:08  Pylon  
  150  24:11  Pylon  
  150  24:12  Pylon  
  150  24:15  Pylon  
  116  24:47  Dragoon x4  
  116  24:48  Dragoon x3  
  116  24:49  Dragoon  
  129  24:50  Dragoon x3  
Tags
 
Add a new tag
Caveats
  • Supply blocks, unpowered buildings, or Contaminate may cause inaccurate times.
  • Supply counts are checked every 10 seconds.